 Dungeon Crawl Stone Soup version 0.22-a0-417-g1387785 (webtiles) character file.

235 Mgcat the Sneak (level 5, -6/24 HPs)
             Began as a Spriggan Enchanter on May 14, 2018.
             Mangled by MavisGrind's ghost (12 damage)
             ... on level 3 of the Dungeon.
             The game lasted 00:08:56 (2581 turns).

Mgcat the Sneak (Spriggan Enchanter)                Turns: 2581, Time: 00:08:57

Health: -6/24      AC:  4    Str:  4    XL:     5   Next: 76%
Magic:  0/11       EV: 18    Int: 17    God:
Gold:   85         SH:  0    Dex: 17    Spells: 5/11 levels left

rFire    . . .     SeeInvis +   a - +1 dagger
rCold    . . .     Gourm    .   (shield restricted)
rNeg     . . .     Faith    .   b - +0 robe
rPois    .         Spirit   .   (helmet restricted)
rElec    .         Reflect  .   k - +1 cloak
rCorr    .         Harm     .   (gloves unavailable)
MR       +....                  (boots unavailable)
Stlth    +++.......             (no amulet)
HPRegen  0.08/turn              o - ring of protection from magic {MR+, !d}
MPRegen  0.12/turn              (no ring)

@: very quick
A: very small, unfitting armour, see invisible, herbivore, speed 3, slow
metabolism 2
a: no special abilities


You were on level 3 of the Dungeon.
You were not hungry.

You visited 1 branch of the dungeon, and saw 3 of its levels.

You collected 85 gold pieces.

Inventory:

Hand Weapons
 a - a +1 dagger (weapon)
Armour
 b - a +0 robe (worn)
 k - a +1 cloak (worn)
   (You found it on level 2 of the Dungeon)
Jewellery
 o - a ring of protection from magic (left hand) {MR+, !d}
   (You found it on level 3 of the Dungeon)
Scrolls
 c - 2 scrolls of teleportation {unknown}
 e - a scroll of identify {unknown}
 f - 3 scrolls of remove curse {unknown}
 h - a scroll of magic mapping {unknown}
 i - a scroll of enchant weapon {unknown}
 j - a scroll of fog {unknown}
 m - a scroll of random uselessness {unknown}
 n - 2 scrolls of amnesia {unknown}
Potions
 g - 4 potions of curing {unknown}
 l - a potion of heal wounds {unknown}
 p - a potion of berserk rage {unknown}
Comestibles
 d - 3 rations


   Skills:
 + Level 3.1 Short Blades
 - Level 3.0 Dodging
 + Level 6.3 Stealth
 + Level 3.7 Spellcasting
 + Level 4.6 Hexes
 + Level 1.7 Ice Magic


You had 5 spell levels left.
You knew the following spells:

 Your Spells              Type           Power        Failure   Level  Hunger
a - Corona                Hex            ###....      2%          1    None
b - Ensorcelled Hibernat  Hex/Ice        ##....       7%          2    ##.....
c - Confuse               Hex            ###.....     7%          3    ###....

Your spell library contained the following spells:

 Spells                   Type           Power        Failure   Level  Hunger
 Tukima's Dance           Hex            ###.....     7%          3    ###....
 Dazzling Spray           Conj/Hex       ##....       19%         3    ###....


Dungeon Overview and Level Annotations

Branches:
Dungeon (3/15)

Altars:
Cheibriados

Annotations:
D:3 MavisGrind's ghost, amateur MiFi


Innate Abilities, Weirdness & Mutations

You are very small and have problems with some larger weapons.
You are too small for most types of armour.
You have supernaturally acute eyesight. (SInv)
You are a herbivore.
You cover ground extremely quickly.
You need to consume almost no food.


Message History

You see here a kobold corpse.
You eat one of the 4 rations.
That ration really hit the spot!
Unknown command.
Unknown command.
Unknown command.
Casting: Ensorcelled Hibernation (safe; 7% risk of failure)
Confirm with . or Enter, or press ? or * to list all spells.
You can't see any susceptible monsters within range! (Use Z to cast anyway.)
Casting: Ensorcelled Hibernation (safe; 7% risk of failure)
Confirm with . or Enter, or press ? or * to list all spells.
You can't see any susceptible monsters within range! (Use Z to cast anyway.)
Casting: Ensorcelled Hibernation (safe; 7% risk of failure)
Confirm with . or Enter, or press ? or * to list all spells.
You can't see any susceptible monsters within range! (Use Z to cast anyway.)
Casting: Ensorcelled Hibernation (safe; 7% risk of failure)
Confirm with . or Enter, or press ? or * to list all spells.
You can't see any susceptible monsters within range! (Use Z to cast anyway.)
Casting: Ensorcelled Hibernation (safe; 7% risk of failure)
Confirm with . or Enter, or press ? or * to list all spells.
You can't see any susceptible monsters within range! (Use Z to cast anyway.)
Casting: Ensorcelled Hibernation (safe; 7% risk of failure)
Confirm with . or Enter, or press ? or * to list all spells.
You can't see any susceptible monsters within range! (Use Z to cast anyway.)
Casting: Ensorcelled Hibernation (safe; 7% risk of failure)
Confirm with . or Enter, or press ? or * to list all spells.
You can't see any susceptible monsters within range! (Use Z to cast anyway.)
Casting: Ensorcelled Hibernation (safe; 7% risk of failure)
Confirm with . or Enter, or press ? or * to list all spells.
You can't see any susceptible monsters within range! (Use Z to cast anyway.)
Casting: Ensorcelled Hibernation (safe; 7% risk of failure)
Confirm with . or Enter, or press ? or * to list all spells.
Okay, then.
Unknown command.
Casting: Ensorcelled Hibernation (safe; 7% risk of failure)
Confirm with . or Enter, or press ? or * to list all spells.
You can't see any susceptible monsters within range! (Use Z to cast anyway.) Unknown command.
Unknown command.
Unknown command.
Unknown command.
Casting: Ensorcelled Hibernation (safe; 7% risk of failure)
Confirm with . or Enter, or press ? or * to list all spells.
You can't see any susceptible monsters within range! (Use Z to cast anyway.)
Casting: Ensorcelled Hibernation (safe; 7% risk of failure)
Confirm with . or Enter, or press ? or * to list all spells.
Aiming: Confuse (safe; 7% risk of failure)
Press: ? - help, Shift-Dir - straight line, f - MavisGrind's ghost
Aim: MavisGrind's ghost (hasn't noticed you, chance to defeat MR: 37%) MavisGrind's ghost appears confused.
MavisGrind's ghost hits itself!
You hit MavisGrind's ghost but do no damage.
MavisGrind's ghost is moderately damaged.
You hit MavisGrind's ghost but do no damage.
MavisGrind's ghost is moderately damaged.
You strike the helpless MavisGrind's ghost from behind!
You puncture MavisGrind's ghost!
MavisGrind's ghost is heavily damaged.
You hit MavisGrind's ghost but do no damage.
MavisGrind's ghost is heavily damaged.
Casting: Confuse (safe; 7% risk of failure)
Confirm with . or Enter, or press ? or * to list all spells.
Aiming: Corona (safe; 2% risk of failure)
Press: ? - help, Shift-Dir - straight line, f/p - MavisGrind's ghost
Aim: MavisGrind's ghost (heavily damaged, confused, chance to defeat MR: 46%) MavisGrind's ghost resists with significant effort.
Casting: Corona (safe; 2% risk of failure)
Confirm with . or Enter, or press ? or * to list all spells.
Aiming: Corona (safe; 2% risk of failure)
Press: ? - help, Shift-Dir - straight line, f/p - MavisGrind's ghost
Aim: MavisGrind's ghost (heavily damaged, confused, chance to defeat MR: 46%) MavisGrind's ghost resists with significant effort.
Casting: Corona (safe; 2% risk of failure)
Confirm with . or Enter, or press ? or * to list all spells.
Aiming: Corona (safe; 2% risk of failure)
Press: ? - help, Shift-Dir - straight line, f/p - MavisGrind's ghost
Aim: MavisGrind's ghost (heavily damaged, confused, chance to defeat MR: 46%) MavisGrind's ghost is outlined in light.
You hit MavisGrind's ghost but do no damage.
MavisGrind's ghost is heavily damaged.
MavisGrind's ghost seems less confused.
MavisGrind's ghost hits you!
You hit MavisGrind's ghost but do no damage.
MavisGrind's ghost is heavily damaged.
MavisGrind's ghost hits you!
* * * LOW HITPOINT WARNING * * *
Casting: Corona (safe; 2% risk of failure)
Confirm with . or Enter, or press ? or * to list all spells.
Aiming: Confuse (safe; 7% risk of failure)
Press: ? - help, Shift-Dir - straight line, f/p - MavisGrind's ghost
Aim: MavisGrind's ghost (heavily damaged, softly glowing, chance to defeat MR: 37%) MavisGrind's ghost resists with some effort.
MavisGrind's ghost barely misses you.
Casting: Confuse (safe; 7% risk of failure)
Confirm with . or Enter, or press ? or * to list all spells.
Aiming: Confuse (safe; 7% risk of failure)
Press: ? - help, Shift-Dir - straight line, f/p - MavisGrind's ghost
Aim: MavisGrind's ghost (heavily damaged, softly glowing, chance to defeat MR: 37%) MavisGrind's ghost resists with some effort.
MavisGrind's ghost hits you!
Ouch! That really hurt!
You die...

#.. .#... ##
#######....### ..
.............
####.##....r......#
.......W..........#
#@.....##...#
#......##...#.# #
#......##..##.# .
#......###.##.# .#
####...........#.#..#
..........####.#.#..#
.........#.....#.#..#
#................†....
......###.#.###.†.#..#


You could see MavisGrind's ghost and a quokka (sleeping).

Vanquished Creatures
  2 jellies (D:2)
  Natasha (thrice) (D:2)
  An adder (D:2)
  10 oozes (D:2)
  A worm (D:2)
  2 dart slugs (D:2)
  A leopard gecko (D:2)
  2 giant cockroaches
  3 goblins (D:2)
  3 hobgoblins
  15 kobolds
  A ball python (D:3)
  3 bats
  4 rats
51 creatures vanquished.

Vanquished Creatures (others)
  6 fungi (D:2)
  11 toadstools (D:2)
17 creatures vanquished.

Grand Total: 68 creatures vanquished

Notes
Turn   | Place    | Note
-------+----------+-------------------------------------------
     0 | D:1      | Mgcat the Spriggan Enchanter began the quest for the Orb.
     0 | D:1      | Reached XP level 1. HP: 9/9 MP: 5/5
   497 | D:1      | Reached XP level 2. HP: 11/13 MP: 4/6
   501 | D:1      | Learned a level 2 spell: Ensorcelled Hibernation
   625 | D:2      | Found a faded altar of an unknown god.
   634 | D:2      | Reached skill level 5 in Stealth
   897 | D:2      | Found a snail-covered altar of Cheibriados.
   938 | D:2      | Reached skill level 2 in Short Blades
  1096 | D:2      | Reached XP level 3. HP: 16/16 MP: 1/8
  1101 | D:2      | Learned a level 3 spell: Confuse
  1265 | D:2      | Reached skill level 3 in Spellcasting
  1265 | D:2      | Reached skill level 4 in Hexes
  1265 | D:2      | Reached skill level 1 in Ice Magic
  1265 | D:2      | Reached XP level 4. HP: 21/21 MP: 0/9
  1585 | D:2      | Reached XP level 5. HP: 24/24 MP: 1/11
  1731 | D:2      | Reached skill level 6 in Stealth
  1774 | D:2      | Noticed Natasha
  1781 | D:2      | Killed Natasha
  1781 | D:2      | Reached skill level 3 in Short Blades
  1812 | D:2      | Noticed Natasha
  1816 | D:2      | Killed Natasha
  2057 | D:2      | Noticed Natasha
  2136 | D:2      | Killed Natasha
  2539 | D:3      | Noticed MavisGrind's ghost (amateur MiFi)
  2579 | D:3      | HP: 6/24 [MavisGrind's ghost (9)]
  2581 | D:3      | Mangled by MavisGrind's ghost

Vault maps used:
D:1:      lemuel_arrival_hallway, hangedman_abyss_or_decor_stabs, nrook_uturn
D:2:      cheibrodos_fertilizer, lemuel_crystal_altar,
          chequers_ecumenical_altar_simple, roderic_roman_lattice, uniq_natasha

Skill      XL: |  1  2  3  4  5 |
---------------+----------------+-----
Stealth        | 5 6 |  6.3
Short Blades   | 2 3 |  3.1
Spellcasting   | 3 |  3.7
Hexes          | 4 |  4.6
Ice Magic      | 1 |  1.7
Dodging        | |  3.0

Action                   |  1- 3 |  4- 6 || total
-------------------------+-------+-------++-------
Melee: Dagger            |    74 |    51 ||   125
 Cast: Corona            |     7 |     5 ||    12
       Ensorcelled Hiber |    16 |    28 ||    44
       Confuse           |       |     3 ||     3
 Stab: Sleeping          |    15 |    22 ||    37
       Confused          |       |     1 ||     1
  Eat: Ration            |       |     1 ||     1
Armor: Robe              |    10 |     5 ||    15
Dodge: Dodged            |    46 |    25 ||    71

Table legend:
 A = Spawn XP
 B = Non-spawn XP
 C = Spawn XP percentage of total XP
 D = Spawn monster count
 E = Non-spawn monster count
 F = Spawn count percentage of total count
 G = Total turns spent on level
                    A         B        C        D         E        F      G
               +---------+---------+-------+---------+---------+-------+---------
         Total |       0 |     337 |   0.0 |       0 |      51 |   0.0 |  2581
               +---------+---------+-------+---------+---------+-------+---------
           D:1 |       0 |      13 |   0.0 |       0 |      10 |   0.0 |   609
           D:2 |       0 |     316 |   0.0 |       0 |      35 |   0.0 |  1724
           D:3 |       0 |       8 |   0.0 |       0 |       6 |   0.0 |   248
               +---------+---------+-------+---------+---------+-------+---------

Vault maps used:
D:1:      lemuel_arrival_hallway, hangedman_abyss_or_decor_stabs, nrook_uturn
D:2:      cheibrodos_fertilizer, lemuel_crystal_altar,
          chequers_ecumenical_altar_simple, roderic_roman_lattice, uniq_natasha

Table legend:
 A = Turns spent in this place as a percentage of turns spent in the entire game.
 B = Non-inter-level travel turns spent in this place as a percentage of non-inter-level travel turns spent in the entire game.
 C = Inter-level travel turns spent in this place as a percentage of turns spent in this place.
 D = Turns resting spent in this place as a percentage of non-inter-level travel turns spent in this place.
 E = Turns spent auto-exploring this place as a percentage of non-inter-level travel turns spent in this place.
 F = Non-inter-level travel turns spent in this place divided by the number of levels of this place that you've seen.
                   A       B       C       D       E      F
               +-------+-------+-------+-------+-------+----------------------
         Total | 100.0 | 100.0 |  14.7 |  13.4 |  62.3 | 733.7
       Dungeon | 100.0 | 100.0 |  14.7 |  13.4 |  62.3 | 733.7
               +-------+-------+-------+-------+-------+----------------------

Table legend:
 A = Kills in this place as a percentage of kills in entire the game.
 B = Kills by you in this place as a percentage of kills by you in the entire game.
 C = Kills by friends in this place as a percentage of kills by friends in the entire game.
 D = Other kills in this place as a percentage of other kills in the entire game.
 E = Experience gained in this place as a percentage of experience gained in the entire game.
 F = Experience gained in this place divided by the number of levels of this place that you have seen.
                   A       B       C       D       E      F
               +-------+-------+-------+-------+-------+----------------------
         Total | 100.0 | 100.0 |   N/A |   N/A | 100.0 | 112.3
       Dungeon | 100.0 | 100.0 |   N/A |   N/A | 100.0 | 112.3
               +-------+-------+-------+-------+-------+----------------------
